 Dungeon Crawl Stone Soup version 0.30-a0-223-gcb0039aa0c (webtiles) character file.

Game seed: 15258707659858848844

103 qw the Chopper (level 4, -1/28 HPs)
             Began as a Gargoyle Fighter on Oct 9, 2022.
             Killed by nerve-wracking pain
             ... invoked by Grinder
              (5 damage)
             ... on level 4 of the Dungeon.
             The game lasted 00:00:36 (1068 turns).

qw the Chopper (Gargoyle Fighter)                   Turns: 1068, Time: 00:00:37

Health: -1/28      AC: 22    Str: 21    XL:     4   Next: 79%
Magic:  4/4        EV:  2    Int:  9    God:
Gold:   64         SH:  4    Dex:  9    Spells: 3/3 levels left

rFire   . . .      SeeInvis .    Y - +0 war axe
rCold   . . .      Faith    .    c - +0 buckler
rNeg    + . .      Spirit   .    a - +0 crystal plate armour
rPois   inf        Reflect  .    (no helmet)
rElec   +          Harm     .    (no cloak)
rCorr   .          Rampage  .    h - +0 pair of gloves
Will    .....                    l - +0 pair of boots
Stlth   ..........               (no amulet)
HPRegen 0.24/turn                (no ring)
MPRegen 0.09/turn                (no ring)

@: no status effects
A: sickness immunity, AC +3, negative energy resistance 1, electricity
resistance, torment resistance 1, petrification resistance
a: no special abilities


You were on level 4 of the Dungeon.
You visited 1 branch of the dungeon, and saw 3 of its levels.

You collected 64 gold pieces.


Innate Abilities, Weirdness & Mutations

You are immune to sickness and miasma.
Your stone body is resilient. (AC +3)
You are immune to poison.
You resist negative energy. (rN+)
You are resistant to electric shocks. (rElec)
You are resistant to unholy torment.
You are immune to petrification.


   Skills:
 - Level 3.2 Fighting
 - Level 4.0 Axes
 + Level 4.0 Armour
 - Level 3.2 Shields


You had 3 spell levels left.
You didn't know any spells.
Your spell library was empty.

Inventory:

Hand Weapons
 i - a +0 mace
 Y - a +0 war axe (weapon)
Armour
 a - a +0 crystal plate armour (worn)
 c - a +0 buckler (worn)
 h - a +0 pair of gloves (worn)
 l - a +0 pair of boots (worn)
Scrolls
 b - a scroll of poison {unknown}
 e - a scroll of identify {unknown}
Potions
 d - a potion of might
 f - a potion of mutation {unknown}
 g - a potion of invisibility {unknown}
 m - a potion of degeneration {unknown}

Dungeon Overview and Level Annotations

Branches:
Dungeon (2/15)

Altars:

Shops:
D:1 *

Annotations:
D:4 Grinder


Message History

Pain shoots through your body!
You hit the hound.
The hound is almost dead.
You closely miss Grinder. The hound bites you but does no damage.
The hound bites you. Grinder hits you.
You writhe in agony.
You barely miss the hound.
The hound is almost dead.
You slash Grinder! The hound bites you but does no damage.
Grinder blinks!
The hound bites you but does no damage.
You miss the hound.
The hound is almost dead.
The hound bites you but does no damage. x2
Grinder says, "I used to sell toenails on the black market."
Grinder gestures at you.
You suddenly lose the ability to move!
The hound bites you but does no damage. x2
You can move again.
You hit the hound but do no damage.
The hound is almost dead.
The hound bites you but does no damage. x2
You miss the hound.
The hound is almost dead.
You block the hound's attack. The hound bites you but does no damage.
Grinder hits you.
You hit the hound.
You kill the hound!
You barely miss Grinder. Grinder hits you but does no damage.
Your Armour skill increases to level 4!
You closely miss Grinder.
Grinder is lightly wounded.
Grinder hits you but does no damage.
You closely miss Grinder.
Grinder is lightly wounded.
Grinder hits you but does no damage. Grinder gestures at you.
Pain shoots through your body!
You die...

##### #...# ######
#...# #### .....#
#...# #..## ###..##
#...# #...#
##..###...# #%..###
#...)....####@5...##
#...#........%.......
#.###......[#........
#........###.........
#..###.[.....####.###
#.# ##.##.'## ## #.#
#.#..# .. #... # #...


You could see Grinder.

Vanquished Creatures
  A hound (D:4)
  2 adders (D:2)
  A dart slug (D:4)
  3 orcs (D:4)
  8 endoplasms
  2 giant cockroaches (D:1)
  4 goblins
  6 hobgoblins
  4 jackals (D:2)
  A kobold (D:2)
  3 ball pythons (D:1)
  4 bats (D:1)
  A frilled lizard (D:1)
  6 rats
46 creatures vanquished.

Notes
Turn   | Place    | Note
-------+----------+-------------------------------------------
     0 | D:1      | qw the Gargoyle Fighter began the quest for the Orb.
     0 | D:1      | Reached XP level 1. HP: 14/14 MP: 1/1
     0 | D:1      | 0 ||| qw: Version: 0.2-a-17-g06abaee
     0 | D:1      | 0 ||| qw: Game counter: 2247
     0 | D:1      | 0 ||| qw: Always use a shield: true
     0 | D:1      | 0 ||| qw: God list: Okawaru
     0 | D:1      | 0 ||| qw: Allow faded altars: false
     0 | D:1      | 0 ||| qw: Do Orc after D:15 true
     0 | D:1      | 0 ||| qw: Do second Lair branch before Depths: true
     0 | D:1      | 0 ||| qw: Lair rune preference: random
     0 | D:1      | 0 ||| qw: Plans: Normal, Zot:1-4, God:TSO, Crypt, Tomb,
                  | Pan, Slime:5, Hells, Abyss, Orb
     0 | D:1      | 0 ||| PLANNING D:1-11
   105 | D:1      | Reached XP level 2. HP: 18/19 MP: 2/2
   115 | D:1      | Found Ocoafum's General Store.
   167 | D:1      | 167 ||| SHOPLISTING potion of attraction (39 gold, have
                  | 14).
   167 | D:1      | 167 ||| SHOPLISTING potion of curing (39 gold, have 14).
   167 | D:1      | 167 ||| SHOPLISTING scroll of identify (26 gold, have 14).
   273 | D:1      | Reached skill level 3 in Axes
   291 | D:1      | Reached XP level 3. HP: 23/23 MP: 3/3
   401 | D:1      | 401 ||| Stepping ~*~*~tactically~*~*~ (stealth).
   615 | D:1      | 615 ||| UPGRADING to +0 pair of gloves.
   620 | D:1      | 620 ||| UPGRADING to +0 pair of boots.
   625 | D:1      | 625 ||| READING scroll labelled XEVUFF MIM PEO.
   626 | D:1      | 626 ||| READING scroll labelled YZUCIM JUZU.
   626 | D:1      | Identified a scroll of acquirement
   626 | D:1      | 626 ||| ACQUIRING +0 crystal plate armour
   626 | D:1      | Acquired a +0 crystal plate armour
   628 | D:1      | 628 ||| UPGRADING to +0 crystal plate armour.
   638 | D:1      | 638 ||| DROPPING +0 scale mail.
   639 | D:1      | 639 ||| READING scroll labelled VITIELOLA.
   643 | D:1      | 643 ||| READING scroll labelled TUATIC IHUUHO.
   709 | D:2      | 709 ||| Stepping ~*~*~tactically~*~*~ (stealth).
   710 | D:2      | 710 ||| Stepping ~*~*~tactically~*~*~ (stealth).
   713 | D:2      | 713 ||| FLEEEEING.
   782 | D:2      | 782 ||| Stepping ~*~*~tactically~*~*~ (stealth).
   948 | D:2      | 948 ||| Stepping ~*~*~tactically~*~*~ (stealth).
   949 | D:2      | 949 ||| Stepping ~*~*~tactically~*~*~ (stealth).
   959 | D:2      | Reached XP level 4. HP: 28/28 MP: 4/4
  1004 | D:2      | You fall into a shaft and drop 2 floors!
  1006 | D:4      | 1006 ||| PLANNING SEWER
  1006 | D:4      | 1006 ||| Stepping ~*~*~tactically~*~*~ (stealth).
  1012 | D:4      | 1012 ||| Stepping ~*~*~tactically~*~*~ (stealth).
  1037 | D:4      | 1037 ||| DROPPING +0 club.
  1046 | D:4      | 1046 ||| Stepping ~*~*~tactically~*~*~ (hiding).
  1055 | D:4      | Noticed Grinder
  1060 | D:4      | HP: 5/28 [Grinder (6)]
  1062 | D:4      | Paralysed by Grinder for 2 turns
  1065 | D:4      | HP: 3/28 [Grinder (1)]
  1068 | D:4      | Killed from afar by Grinder

Levels and vault maps discovered:
D:1:      minmay_arrival_stair_chambers, layout_rooms, serial_shops, shop,
          shapermc_ecumenical_altar_petra
D:2:      layout_basic, uniq_natasha
D:4:      layout_rooms, mainiacjoe_overflow_six_doors_small,
          gammafunk_temple_overflow_statue, jmf_multi_god_temple2,
          gup_sewer_entry_bowl, serial_shops, nicolae_stop_n_shop_2,
          minmay_gold_behind_fungi, serial_bayou_ford_a, uniq_grinder

Skill      XL: |  1  2  3  4 |
---------------+-------------+-----
Axes           | 2 3 4 |  4.0
Armour         | 4 |  4.0
Fighting       | |  3.2
Shields        | |  3.2

Action                   |  1- 3 |  4- 6 || total
-------------------------+-------+-------++-------
Melee: War axe           |   111 |    25 ||   136
  Use: Scroll            |     4 |       ||     4
Armor: Scale mail        |    44 |       ||    44
       Crystal plate arm |    46 |    32 ||    78
Dodge: Dodged            |    32 |     2 ||    34
Block: Buckler           |    25 |     1 ||    26

Table legend:
 A = Non-vault XP
 B = Vault XP
 C = Vault XP percentage of total XP
 D = Non-vault monster count
 E = Vault monster count
 F = Vault count percentage of total count
                 A         B        C        D         E       F
            +---------+---------+-------+---------+---------+-------
      Total |     148 |       0 |   0.0 |      46 |       0 |   0.0
            +---------+---------+-------+---------+---------+-------
        D:1 |      45 |       0 |   0.0 |      27 |       0 |   0.0
        D:2 |      45 |       0 |   0.0 |      13 |       0 |   0.0
        D:4 |      58 |       0 |   0.0 |       6 |       0 |   0.0
            +---------+---------+-------+---------+---------+-------
